 Dungeon Crawl Stone Soup version 0.27.1 (webtiles) character file.

Game seed: 9392885797175190446

22 chaosape the Shield-Bearer (level 2, -2/26 HPs)
             Began as a Gnoll Wanderer on Sept 4, 2021.
             Succumbed to an adder's poison
             ... on level 2 of the Dungeon.
             The game lasted 00:03:28 (1309 turns).

chaosape the Shield-Bearer (Gnoll Wanderer)         Turns: 1309, Time: 00:03:42

Health: -2/26      AC:  2    Str: 12    XL:     2   Next: 91%
Magic:  5/5        EV: 11    Int: 12    God:
Gold:   45         SH:  0    Dex:  9    Spells: 5/6 levels left

rFire    . . .     SeeInvis .   a - +0 shortbow
rCold    . . .     Faith    .   (shield currently unavailable)
rNeg     . . .     Spirit   .   e - +0 robe
rPois    .         Reflect  .   (no helmet)
rElec    .         Harm     .   (no cloak)
rCorr    .         Rampage  .   (no gloves)
Will     .....                  (no boots)
Stlth    +.........             (no amulet)
HPRegen  0.08/turn              (no ring)
MPRegen  0.09/turn              (no ring)

@: lethally poisoned (-2 -> -9)
A: fangs 1, strong nose, distributed training
a: no special abilities


You were on level 2 of the Dungeon.
You visited 1 branch of the dungeon, and saw 2 of its levels.

You collected 45 gold pieces.

Inventory:

Hand Weapons
 a - a +0 shortbow (weapon)
 c - a +0 hand crossbow
 k - a +0 falchion
Missiles
 b - 6 arrows (quivered ammo)
 d - 46 bolts
Armour
 e - a +0 robe (worn)
Jewellery
 f - a ring of positive energy
 h - a +4 ring of evasion
Scrolls
 g - a scroll of identify {unknown}
 j - a scroll of enchant weapon {unknown}
 m - a scroll of vulnerability {unknown}
Potions
 i - 2 potions of curing {unknown}
 l - a potion of cancellation {unknown}
 n - a potion of resistance {unknown}
 o - a potion of haste {unknown}


   Skills:
 + Level 4.5 Fighting
 + Level 0.5 Short Blades
 + Level 0.5 Long Blades
 + Level 0.5 Axes
 + Level 0.5 Maces & Flails
 + Level 0.5 Polearms
 + Level 0.5 Staves
 + Level 0.5 Slings
 + Level 0.5 Bows
 + Level 2.5 Crossbows
 + Level 0.5 Throwing
 + Level 4.5 Armour
 + Level 0.5 Dodging
 + Level 0.5 Stealth
 + Level 4.5 Shields
 + Level 0.5 Unarmed Combat
 + Level 2.7 Spellcasting
 + Level 3.7 Conjurations
 + Level 0.4 Hexes
 + Level 0.4 Summonings
 + Level 0.4 Necromancy
 + Level 0.4 Translocations
 + Level 0.4 Transmutations
 + Level 0.4 Fire Magic
 + Level 0.4 Ice Magic
 + Level 0.4 Air Magic
 + Level 0.4 Earth Magic
 + Level 0.4 Poison Magic
 + Level 0.7 Invocations
 + Level 0.5 Evocations


You had 5 spell levels left.
You knew the following spells:

 Your Spells              Type           Power      Damage    Failure   Level
a - Magic Dart            Conj           40%        1d5       5%          1

Your spell library contained the following spells:

 Spells                   Type           Power      Damage    Failure   Level
 Searing Ray              Conj           20%        3d3       9%          2
 Dazzling Flash           Conj/Hex       12%        N/A       32%         3
 Fulminant Prism          Conj/Hex       3%         3d6       71%         4
 Iskenderun's Mystic Bla  Conj/Tloc      6%         2d4       71%         4


Dungeon Overview and Level Annotations

Branches:
Dungeon (2/15)

Altars:


Innate Abilities, Weirdness & Mutations

You have very sharp teeth.
Your uncanny sense of smell can sniff out nearby items.
Your experience applies equally to all skills.


Message History

Really attack while wielding your +0 shortbow? [Y]es or [N]o only, please.
Really attack while wielding your +0 shortbow? [Y]es or [N]o only, please.
Really attack while wielding your +0 shortbow? [Y]es or [N]o only, please.
Really attack while wielding your +0 shortbow? [Y]es or [N]o only, please.
Really attack while wielding your +0 shortbow? [Y]es or [N]o only, please.
Really attack while wielding your +0 shortbow? [Y]es or [N]o only, please.
Really attack while wielding your +0 shortbow?
Okay, then.
Fire: 10 arrows
Press: ? - help, Q - select action, (/) - cycle Shift-Dir - straight line, f/p - adder
Aim: an adder (moderately wounded, 35% to hit)
You shoot an arrow. The arrow closely misses the adder.
The adder bites you.
* * * LOW HITPOINT WARNING * * *
The adder closely misses you.
Fire: 9 arrows
Press: ? - help, Q - select action, (/) - cycle Shift-Dir - straight line, f/p - adder
Aim: an adder (lightly wounded, 35% to hit)
You shoot an arrow. The arrow closely misses the adder.
The adder bites you but does no damage.
Fire: 8 arrows
Press: ? - help, Q - select action, (/) - cycle Shift-Dir - straight line, f/p - adder
Aim: an adder (lightly wounded, 35% to hit)
You shoot an arrow. The arrow completely misses the adder.
The adder closely misses you. The adder bites you.
* * * LOW HITPOINT WARNING * * *
You are lethally poisoned!
The adder poisons you!
Fire: 7 arrows
Press: ? - help, Q - select action, (/) - cycle Shift-Dir - straight line, f/p - adder
Aim: an adder (35% to hit)
You shoot an arrow. The arrow hits the adder.
The adder is lightly wounded.
You die...

## #### .# #.. .#####
#.# #### .....####.#
#.. ..........# #.###
##.#.####.#####.!.#
##.#.# #.......@.###.#
.....##.#.......S.....#
##.###.............####
.................#.#
#..###...#######.#(.(
#.#####..# .(#####
....# #.. ### #.#.# #..
.......!


You could see an adder.

Vanquished Creatures
  A dart slug (D:1)
  2 endoplasms (D:1)
  A giant cockroach (D:1)
  2 goblins
  A hobgoblin (D:1)
  A kobold (D:1)
  A quokka (D:1)
  3 bats
  A frilled lizard (D:2)
  8 rats
21 creatures vanquished.

Notes
Turn   | Place    | Note
-------+----------+-------------------------------------------
     0 | D:1      | chaosape the Gnoll Wanderer began the quest for the Orb.
     0 | D:1      | chaosape set off with the following items: a +0 shortbow,
                  | 28 arrows, a +0 hand crossbow, 30 bolts, a +0 robe; and the
                  | following spell memorised: Magic Dart; and the following
                  | spells available to memorise: Searing Ray, Dazzling Flash,
                  | Fulminant Prism, Iskenderun's Mystic Blast
     0 | D:1      | Reached XP level 1. HP: 20/20 MP: 4/4
    31 | D:1      | Found a faded altar of an unknown god.
   386 | D:1      | Reached XP level 2. HP: 26/26 MP: 5/5
  1308 | D:2      | HP: 1/26 [adder (4)]
  1309 | D:2      | Succumbed to an adder's poison

Illustrated notes

Levels and vault maps discovered:
D:1:      beargit_arrival_diablo_church, layout_basic,
          shapermc_ecumenical_altar_totnotflames, minmay_3d_cube
D:2:      layout_loops_ring, serial_shops, nicolae_shop_window_shopping,
          grunt_ministairs_4, amcnicky_mini_corridor_feature, uniq_terence,
          uniq_robin

Action                   || total
-------------------------++-------
 Fire: Shortbow          ||    75
Armor: Robe              ||     5
Dodge: Dodged            ||    21
